 Dungeon Crawl Stone Soup version 0.32-a0-20-ge526923d97 (webtiles) character file.

Game seed: 7716307083076772999

60 promet the Covered (level 4, -1/38 HPs)
             Began as a Gnoll Wanderer on Jan 17, 2024.
             Slain by a goblin
             ... wielding a +0 club
             ... led by Robin
              (3 damage)
             ... on level 3 of the Dungeon.
             The game lasted 00:17:34 (1513 turns).

promet the Covered (Gnoll Wanderer)                 Turns: 1513, Time: 00:17:37

Health: -1/38      AC:  1    Str:  8 (10) XL:     4   Next: 6%
Magic:  8/8        EV: 11    Int: 10 (12) God:
Gold:   57         SH:  0    Dex: 12 (14) Spells: 8/8 levels left

rFire   . . .        a - +2 falchion
rCold   . . .        (no shield)
rNeg    . . .        (no body armour)
rPois   .            (no helmet)
rElec   .            (no cloak)
rCorr   .            (no gloves)
SInv    .            b - +0 pair of boots
Will    .....        (no amulet)
Stlth   ++           (no ring)
HPRegen 0.26/turn    (no ring)
MPRegen 0.11/turn

%: no passive effects
@: no status effects
A: fangs 1, strong nose, distributed training
a: no special abilities


You were on level 3 of the Dungeon.
You visited 1 branch of the dungeon, and saw 3 of its levels.

You collected 57 gold pieces.

Inventory:

Hand Weapons
 a - a +2 falchion (weapon)
 j - a +0 mace
Missiles
 g - 17 stones (quivered)
Armour
 b - a +0 pair of boots (worn)
 d - a +0 robe
 i - a +0 leather armour
Scrolls
 c - a scroll of vulnerability
 e - a scroll of revelation {unknown}
 f - a scroll of acquirement {unknown}
 h - a scroll of identify {unknown}
Potions
 k - a potion of degeneration


   Skills:
 + Level 4.6 Fighting
 + Level 1.0 Short Blades
 + Level 4.6 Long Blades
 + Level 1.0 Axes
 + Level 1.0 Maces & Flails
 + Level 1.0 Polearms
 + Level 1.0 Staves
 + Level 1.0 Ranged Weapons
 + Level 1.0 Throwing
 + Level 4.6 Armour
 + Level 1.0 Dodging
 + Level 2.5 Stealth
 + Level 1.0 Shields
 + Level 1.0 Unarmed Combat
 + Level 2.9 Spellcasting
 + Level 0.8 Conjurations
 + Level 0.8 Hexes
 + Level 0.8 Summonings
 + Level 2.2 Necromancy
 + Level 0.8 Translocations
 + Level 0.8 Fire Magic
 + Level 0.8 Ice Magic
 + Level 0.8 Air Magic
 + Level 0.8 Earth Magic
 + Level 0.8 Alchemy
 + Level 1.1 Invocations
 + Level 2.7 Evocations
 + Level 1.0 Shapeshifting


You had 8 spell levels left.
You didn't know any spells.
Your spell library contained the following spells:

 Spells                   Type           Power      Damage    Failure   Level
 Sublimation of Blood     Necr           5%         N/A       17%         2
 Cigotuvi's Dreadful Rot  Necr/Alch/Air  8%         N/A       26%         2


Dungeon Overview and Level Annotations

Branches:
Dungeon (2/15)

Altars:

Annotations:
D:3 1 transporter, zenocrate's ghost, amateur VSEn


Innate Abilities, Weirdness & Mutations

You have very sharp teeth.
Your uncanny sense of smell can sniff out nearby items.
Your experience applies equally to all skills.


Message History

Robin is heavily wounded.
Robin hits you with a +0 spear.
You hit Robin.
Robin is severely wounded.
Robin throws the goblin at you! The goblin hits you with a +0 dagger.
You are too injured to fight recklessly!
You are too injured to fight recklessly!
You are too injured to fight recklessly!
You are too injured to fight recklessly!
You closely miss Robin. Your punch misses Robin.
Robin is severely wounded.
The hobgoblin no longer looks unusually strong.
Robin roars a battlecry!
The goblins go into a battle-frenzy!
The goblin hits you with a +0 dagger.
* * * LOW HITPOINT WARNING * * *
It was a potion of degeneration.
There was something very wrong with that liquid.
You feel weakened.
You feel dopey.
You feel clumsy. Robin barely misses you.
For a moment, you lose track of zenocrate's ghost.
The goblin hits you with a +0 dagger.
* * * LOW HITPOINT WARNING * * *
You hit Robin.
You kill Robin!
The goblin hits you but does no damage.
Your Shapeshifting skill increases to level 1!
You have reached level 4!
You feel clever. The goblin attacks as it pursues you!
The goblin hits you with a +0 club.
* * * LOW HITPOINT WARNING * * *
The goblin barely misses you. The goblin barely misses you.
You miss the goblin.
The goblin shouts!
The endoplasm quivers.
You punch the goblin.
The goblin is severely wounded.
The goblin hits you with a +0 club.
You die...

##.J≈≈ # .~~≈≈
..#..# #.#~≈≈~
#..#..#8 ...~≈≈~
#..#..... #.~~≈≈~
..©#..... #~≈≈~~
...#.... ∆
##~≈≈~.####..#..# .
..K≈≈~.@g##..#W.###
##~≈≈~##gg>..#Z....
∆ #~≈≈ ####..#....
..g≈ #..###########
.#~ #.............
# #.............
###.########## #g#
#.#


You could see a water moccasin zombie, an endoplasm, a hobgoblin (strong), 3
goblins and a kobold.

Vanquished Creatures
  Robin (D:3)
  An adder (D:3)
  A dart slug (D:1)
  2 ball pythons
  2 endoplasms
  2 giant cockroaches (D:1)
  4 goblins
  A hobgoblin (D:1)
  8 jackals (D:1)
  3 kobolds
  3 quokkas (D:1)
  2 bats
  A frilled lizard (D:1)
  5 rats
36 creatures vanquished.

Notes
Turn   | Place    | Note
-------+----------+-------------------------------------------
     0 | D:1      | promet the Gnoll Wanderer began the quest for the Orb.
     0 | D:1      | promet set off with the following items: a +2 falchion, a
                  | +0 pair of boots, a scroll of vulnerability, a +0 robe; and
                  | the following spells available to memorise: Sublimation of
                  | Blood, Cigotuvi's Dreadful Rot.
     0 | D:1      | Reached XP level 1. HP: 20/20 MP: 4/4
   124 | D:1      | Reached XP level 2. HP: 26/26 MP: 5/5
   568 | D:1      | Reached XP level 3. HP: 28/31 MP: 7/7
  1213 | D:2      | Reached skill level 1 in Invocations
  1260 | D:2      | You fall into a shaft and drop 1 floor!
  1476 | D:3      | Noticed Robin
  1477 | D:3      | Found a transporter.
  1479 | D:3      | Noticed zenocrate's ghost (amateur VSEn)
  1493 | D:3      | Reached skill level 1 in Short Blades
  1493 | D:3      | Reached skill level 1 in Axes
  1493 | D:3      | Reached skill level 1 in Maces & Flails
  1493 | D:3      | Reached skill level 1 in Polearms
  1493 | D:3      | Reached skill level 1 in Staves
  1493 | D:3      | Reached skill level 1 in Ranged Weapons
  1493 | D:3      | Reached skill level 1 in Throwing
  1493 | D:3      | Reached skill level 1 in Dodging
  1493 | D:3      | Reached skill level 1 in Shields
  1493 | D:3      | Reached skill level 1 in Unarmed Combat
  1510 | D:3      | Killed Robin
  1511 | D:3      | Reached skill level 1 in Shapeshifting
  1511 | D:3      | Reached XP level 4. HP: 7/38 MP: 8/8
  1513 | D:3      | Slain by a goblin

Illustrated notes

Levels and vault maps discovered:
D:1:      co_arrival_random_square_maze, layout_loops_ring, skrybe_limestone_x,
          grunt_decor_cap
D:2:      layout_loops_ring, uniq_terence
D:3:      wander_river, layout_loops_ring, gammafunk_ghost_mausoleum,
          uniq_grinder, uniq_robin

Skill      XL: |  1  2  3 |
---------------+----------+-----
Necromancy     | 2 |  2.2
Invocations    | 1 |  1.1
Short Blades   | 1 |  1.0
Axes           | 1 |  1.0
Maces & Flails | 1 |  1.0
Polearms       | 1 |  1.0
Staves         | 1 |  1.0
Ranged Weapons | 1 |  1.0
Throwing       | 1 |  1.0
Dodging        | 1 |  1.0
Shields        | 1 |  1.0
Unarmed Combat | 1 |  1.0
Shapeshifting  | 1 |  1.0
Fighting       | |  4.6
Long Blades    | |  4.6
Armour         | |  4.6
Stealth        | |  2.5
Spellcasting   | |  2.9
Conjurations   | |  0.8
Hexes          | |  0.8
Summonings     | |  0.8
Translocations | |  0.8
Fire Magic     | |  0.8
Ice Magic      | |  0.8
Air Magic      | |  0.8
Earth Magic    | |  0.8
Alchemy        | |  0.8
Evocations     | |  2.7

Action                     |  1- 3 |  4- 6 || total
---------------------------+-------+-------++-------
  Melee: Falchion          |    97 |     1 ||    98
         Bite              |     5 |       ||     5
         Punch             |       |     1 ||     1
  Throw: Stone             |     1 |       ||     1
    Use: Potion            |     1 |       ||     1
   Stab: Sleeping          |     4 |       ||     4
         Distracted        |     1 |       ||     1
 Armour: Robe              |    25 |       ||    25
         Skin              |    37 |     2 ||    39
  Dodge: Dodged            |    58 |     2 ||    60

Table legend: (Time is in decaauts)
 A = Elapsed time spent in this place.
 B = Non-inter-level travel time spent in this place.
 C = Inter-level travel time spent in this place.
 D = Time resting spent in this place.
 E = Time spent auto-exploring this place.
 F = Levels seen in this place.
 G = Mean time per level.
                   A        B        C        D        E       F      G
               +--------+--------+--------+--------+--------+-----+--------+
         Total |   1520 |   1520 |      0 |    197 |    305 |   3 |  506.7 |
       Dungeon |   1520 |   1520 |      0 |    197 |    305 |   3 |  506.7 |
               +--------+--------+--------+--------+--------+-----+--------+

Top non-repeatable levels by time:
     D:1: 1200 daAuts
     D:3: 254 daAuts
     D:2: 65 daAuts
